 Dungeon Crawl Stone Soup version 0.23.0 (webtiles) character file.

Game seed: 6791923906256383140

80 sighowe the Gusty (level 4, -4/19 HPs)
             Began as a Vine Stalker Air Elementalist on Feb 17, 2019.
             Was a Follower of Hepliaklqana.
             Blown up by Ijyb (14 damage)
             ... with a wand of disintegration (4)
             ... on level 3 of the Dungeon.
             The game lasted 00:14:19 (2361 turns).

sighowe the Gusty (Vine Stalker Air Elementalist)   Turns: 2361, Time: 00:14:19

Health: -4/19      AC:  3    Str: 10    XL:     4   Next: 39%
Magic:  0/9        EV: 12    Int: 16    God:    Hepliaklqana [*.....]
Gold:   70         SH:  0    Dex: 15    Spells: 7/8 levels left

rFire    . . .     SeeInvis .   f - -1 hunting sling (curse)
rCold    . . .     Gourm    .   (no shield)
rNeg     . . .     Faith    .   a - +0 robe
rPois    .         Spirit   +   (no helmet)
rElec    .         Reflect  .   (no cloak)
rCorr    .         Harm     .   (no gloves)
MR       .....                  l - +0 pair of boots
Stlth    ++........             (no amulet)
HPRegen  0.46/turn              (no ring)
MPRegen  0.11/turn              (no ring)

@: no status effects
A: reduced essence, fangs 2, regeneration 1, magic shield, antimagic bite, no
potion heal 3, rot immunity
a: Recall Ancestor, Ancestor Identity, Renounce Religion


You were on level 3 of the Dungeon.
You worshipped Hepliaklqana.
Hepliaklqana was aware of your devotion.
You were not hungry.

You visited 1 branch of the dungeon, and saw 3 of its levels.

You collected 70 gold pieces.

Inventory:

Hand Weapons
 e - a +0 short sword
 f - a cursed -1 hunting sling (weapon)
Missiles
 d - 86 stones (quivered)
 i - 12 sling bullets
Armour
 a - a +0 robe (worn)
 l - a +0 pair of boots (worn)
Scrolls
 h - a scroll of teleportation
 j - 4 scrolls of identify
Potions
 k - 3 potions of magic
Comestibles
 c - 7 rations


   Skills:
 * Level 1.1 Fighting
 * Level 1.0 Slings
 + Level 1.8 Dodging
 + Level 2.8 Stealth
 - Level 0.4 Unarmed Combat
 * Level 2.8 Spellcasting
 + Level 1.2 Conjurations
 * Level 3.5 Air Magic


You had 7 spell levels left.
You knew the following spells:

 Your Spells              Type           Power        Failure   Level  Hunger
a - Shock                 Conj/Air       ##..         7%          1    #......

Your spell library contained the following spells:

 Spells                   Type           Power        Failure   Level  Hunger
 Swiftness                Chrm/Air       #.......     14%         2    ##.....
 Static Discharge         Conj/Air       ##......     22%         3    ###....
 Airstrike                Air            ##........   41%         4    #####..
 Lightning Bolt           Conj/Air       ##........   89%         5    ######.


Dungeon Overview and Level Annotations

Branches:
Dungeon (3/15)

Altars:
Fedhas
Hepliaklqana
Sif Muna

Annotations:
D:3 Ijyb


Innate Abilities, Weirdness & Mutations

You have extremely sharp teeth.
Your natural rate of healing is unusually fast.
When hurt, damage is shared between your health and your magic reserves.
Your bite disrupts and absorbs the magic of your enemies.
Potions cannot restore your health.
You are immune to rotting.
Your life essence is reduced to manifest your ancestor. (-10% HP)


Message History

[Y]es or [N]o only, please.
That beam is likely to hit you.
Continue anyway?
Okay, then.
Unknown command.
Okay, then.
Casting: Shock (safe; 7% risk of failure)
Confirm with . or Enter, or press ? or * to list all spells.
Aiming: Shock (safe; 7% risk of failure)
Press: ? - help, Shift-Dir - straight line, f/p - Ijyb
Aim: Ijyb, wearing a +0 leather armour and carrying a wand of disintegration (4) (severely wounded) That beam is likely to hit you.
Continue anyway?
The zap misses Ijyb.
The zap hits the bat.
You kill the bat!
The zap hits Ijyb but does no damage.
Ijyb is severely wounded.
The zap misses you.
Ijyb screams, "Level is mine!
All mine!"
Ijyb zaps a wand.
You are blasted!
Ouch! That really hurt!
You die...

#.# #####.#.# #.#
#.....#.#### #.#
#.#####....# #.#
#.# ####.# #.#
#.# #.# #.# #.#
#.# ##.## #.# #.#
#.#.###># #.#
.###.##.## #@# ##
##....# #g#
.###.##..#
#†..g((..
#.#.###..##
#####....
##.####...## ..
#.###...#.#######
#................
#####.#..........
##...########


You could see Ijyb.

Vanquished Creatures
  An adder (D:2)
  3 worms (D:2)
  12 bats
  A giant cockroach (D:1)
  5 goblins
  8 hobgoblins
  A jackal (D:2)
  A quokka (D:2)
  2 frilled lizards (D:1)
  3 kobolds (D:1)
  2 rats (D:1)
39 creatures vanquished.

Vanquished Creatures (collateral kills)
  An adder (D:2)
  A gnoll (D:2)
  A goblin (D:2)
3 creatures vanquished.

Vanquished Creatures (others)
  An ancestor (D:3)
1 creature vanquished.

Grand Total: 43 creatures vanquished

Notes
Turn   | Place    | Note
-------+----------+-------------------------------------------
     0 | D:1      | sighowe the Vine Stalker Air Elementalist began the quest
                  | for the Orb.
     0 | D:1      | Reached XP level 1. HP: 9/9 MP: 4/4
   269 | D:1      | Reached XP level 2. HP: 13/13 MP: 0/6
   925 | D:2      | Reached XP level 3. HP: 13/17 MP: 0/7
  1126 | D:2      | Found a faded altar of an unknown god.
  1269 | D:2      | Became a worshipper of Hepliaklqana the Forgotten
  1269 | D:2      | Reached * piety under Hepliaklqana
  1856 | D:2      | Gained mutation: Your natural rate of healing is unusually
                  | fast. [Vine Stalker growth]
  1856 | D:2      | Reached XP level 4. HP: 11/18 MP: 4/9
  2091 | D:2      | Reached skill level 1 in Fighting
  2132 | D:2      | Reached skill level 1 in Slings
  2218 | D:3      | Found a deep blue altar of Sif Muna.
  2295 | D:3      | Found a blossoming altar of Fedhas.
  2346 | D:3      | Noticed Ijyb
  2361 | D:3      | Blown up by Ijyb

Skill      XL: |  1  2  3  4 |
---------------+-------------+-----
Fighting       | 1 |  1.1
Slings         | 1 |  1.0
Dodging        | |  1.8
Stealth        | |  2.8
Unarmed Combat | |  0.4
Spellcasting   | |  2.8
Conjurations   | |  1.2
Air Magic      | |  3.5

Action                   |  1- 3 |  4- 6 || total
-------------------------+-------+-------++-------
Melee: Unarmed           |    16 |       ||    16
       Bite              |     5 |       ||     5
 Fire: Hunting sling     |    18 |     3 ||    21
Throw: Throwing net      |     1 |       ||     1
 Cast: Shock             |    82 |    18 ||   100
Invok: Ancestor Identity |     2 |       ||     2
  Use: Potion            |     1 |     2 ||     3
       Scroll            |     1 |     1 ||     2
  Eat: Chunk             |     2 |     1 ||     3
       Ration            |       |     1 ||     1
Armor: Robe              |    10 |       ||    10
Dodge: Dodged            |    28 |     1 ||    29
